Map: Catalyst LE

Players

MaNa

  • Race: Protoss Protoss
  • Spawn Location: 11:00

Bly - Winner!

  • Race: Zerg Zerg
  • Spawn Location: 5:00

Event: WCS Valencia 2018

VOD

Have the link to the VOD?

Description

Time

  • Played on: July 12, 2018, 2:46 p.m.
  • Length: 9:39

All games in this series

Show
View Real Time Build Order
Export as new Build Order

MaNa Protoss 

Build Orders: 1 Gate Expand, Oracle Opening, Phoenix Opening 

Get SALT Encoding   

  12  0:00  Probe  
  13  0:12  Probe  
  14  0:20  Pylon  
  14  0:24  Probe  
  15  0:34  Probe  
  15  0:38  Assimilator  
  15  0:42  Probe  
  16  0:48  Gateway  
  17  0:51  Probe  
  18  0:59  Probe  
  19  1:07  Probe  
  20  1:24  Nexus  
  20  1:35  Cybernetics Core  
  20  1:38  Probe  
  21  1:46  Assimilator  
  21  1:50  Probe  
  22  1:57  Pylon  
  22  2:02  Probe  
  23  2:11  Probe  
  23  2:12  Warp Gate  
  23  2:14  Adept  
  23  2:19  Probe  
  26  2:26  Stargate  
  27  2:30  Probe  
  27  2:32  Adept  
  27  2:36  Probe  
  29  2:42  Probe  
  32  2:48  Probe  
  33  2:53  Gateway  
  33  2:58  Probe  
  33  3:00  Probe  
  35  3:10  Probe, Phoenix  
  38  3:16  Pylon  
  37  3:24  Probe  
  38  3:28  Oracle, Probe  
  38  3:30  Gateway  
  39  3:36  Probe  
  39  3:40  Probe  
  44  3:41  Pylon  
  44  3:45  Assimilator  
  44  3:48  Assimilator, Probe  
  45  3:52  Probe  
  45  3:54  Pylon  
  46  4:00  Probe  
  46  4:02  Oracle  
  47  4:05  Probe  
  51  4:15  Adept x2  
  55  4:23  Probe  
  55  4:24  Probe  
  55  4:35  Adept  
  55  4:36  Adept  
  55  4:37  Adept  
  61  4:39  Probe  
  61  4:42  Pylon  
  62  4:51  Pylon  
  62  4:54  Oracle  
  62  5:00  Probe  
  62  5:05  Adept x3  
  70  5:09  Probe  
  71  5:14  Nexus, Probe  
  71  5:17  Pylon  
  73  5:25  Adept  
  73  5:27  Adept  
  73  5:28  Adept  
  78  5:35  Probe  
  78  5:42  Probe  
  79  5:47  Adept x2  
  79  5:48  Probe  
  80  5:54  Probe  
  73  5:58  Probe  
  73  6:00  Robotics Facility  
  73  6:01  Robotics Facility, Adept  
  73  6:02  Probe  
  72  6:06  Probe  
  72  6:08  Twilight Council  
  72  6:10  Probe  
  74  6:12  Oracle  
  74  6:14  Probe  
  74  6:18  Sentry x2  
  81  6:21  Probe  
  84  6:26  Probe  
  84  6:32  Probe  
  86  6:33  Probe  
  86  6:39  Assimilator, Probe  
  88  6:40  Immortal  
  88  6:42  Observer  
  88  6:44  Probe  
  88  6:45  Probe  
  88  6:46  Templar Archives  
  90  6:48  Gateway  
  90  6:51  Probe  
  90  6:54  Charge  
  96  6:59  Shield Battery  
  96  7:00  Probe x2  
  98  7:03  Shield Battery  
  98  7:11  Gateway  
  98  7:15  Probe  
  99  7:24  Assimilator  
  99  7:25  Forge  
  99  7:26  Probe x2  
  101  7:34  Immortal, Probe  
  100  7:40  Pylon  
  100  7:44  Immortal, Pylon  
  100  7:58  Zealot x3  
  76  8:17  Zealot x2  
  80  8:21  Zealot  
  80  8:22  Zealot  
  55  8:37  Zealot x2  
Show
View Real Time Build Order
Export as new Build Order

Bly Zerg - Winner!

Build Orders: Hatch First 

Get SALT Encoding   

  12  0:01  Drone  
  13  0:12  Overlord  
  13  0:18  Drone  
  14  0:31  Drone x2  
  16  0:49  Hatchery  
  15  0:52  Drone  
  15  0:55  Drone  
  17  0:59  Drone  
  18  1:05  Extractor  
  17  1:14  Spawning Pool  
  17  1:17  Drone  
  17  1:20  Drone  
  18  1:27  Drone  
  19  1:42  Overlord  
  19  1:50  Drone  
  20  2:00  Queen  
  22  2:01  Queen  
  22  2:02  Zergling x4  
  26  2:11  Metabolic Boost, Drone  
  26  2:14  Drone  
  28  2:22  Drone  
  29  2:27  Drone  
  30  2:38  Hatchery  
  29  2:48  Queen  
  29  2:49  Zergling x2  
  32  2:52  Overlord  
  32  2:55  Drone  
  33  3:00  Drone x2  
  33  3:04  Overlord  
  35  3:12  Drone x3  
  37  3:18  Overlord  
  36  3:23  Overlord  
  35  3:27  Overlord  
  35  3:30  Zergling x4  
  35  3:31  Zergling x2  
  38  3:39  Drone x2  
  40  3:49  Drone x2  
  40  3:51  Drone  
  40  3:53  Queen  
  40  3:54  Drone x3  
  48  4:00  Lair  
  48  4:05  Spore Crawler  
  48  4:09  Drone x4  
  50  4:15  Spore Crawler, Drone x2  
  52  4:24  Drone x5  
  52  4:29  Extractor, Drone x2  
  52  4:30  Extractor  
  56  4:35  Overlord  
  56  4:36  Drone x2  
  56  4:37  Drone  
  59  4:41  Overlord  
  59  4:44  Spore Crawler  
  58  4:48  Zergling x2  
  58  4:49  Zergling x4  
  61  4:57  Spore Crawler  
  61  4:58  Extractor, Spore Crawler  
  61  4:59  Drone x4  
  61  5:02  Zergling x4  
  61  5:09  Hydralisk Den  
  62  5:16  Zergling x16  
  70  5:22  Overlord  
  70  5:25  Overlord  
  70  5:38  Zergling x12  
  75  5:47  Hydralisk  
  75  5:48  Hydralisk x2  
  73  6:03  Baneling Nest, Hydralisk x7  
  84  6:10  Muscular Augments, Hydralisk  
  86  6:15  Overlord  
  86  6:18  Drone x4  
  90  6:19  Drone  
  90  6:24  Hydralisk  
  90  6:25  Hydralisk  
  95  6:30  Drone x3  
  97  6:41  Hydralisk x3  
  97  6:43  Overlord  
  97  6:45  Overlord  
  103  6:54  Centrifical Hooks  
  103  6:55  Overlord  
  103  6:58  Hydralisk  
  103  7:01  Overlord  
  104  7:10  Overseer  
  104  7:11  Zergling x2  
  104  7:12  Zergling x8  
  109  7:17  Hatchery  
  109  7:21  Baneling  
  109  7:22  Baneling x12  
  108  7:34  Zergling x2  
  108  7:35  Zergling x20  
  108  7:37  Grooved Spines  
  119  7:47  Hydralisk  
  119  7:48  Hydralisk x2  
  119  7:49  Overlord  
  125  7:57  Hydralisk x2  
  125  7:58  Zergling x2  
  120  8:05  Hydralisk x2  
  111  8:14  Hydralisk x2  
  113  8:22  Hydralisk x2  
  113  8:24  Zergling x18  
  117  8:36  Zergling x2  
  117  8:37  Zergling x12  
  117  8:50  Zergling x8  
Tags
 
Add a new tag
Caveats
  • Supply blocks, unpowered buildings, or Contaminate may cause inaccurate times.
  • Supply counts are checked every 10 seconds.